AoeStats
← Yomajesty

Arena

506475703Analyzed
1v1 RM · 18d ago on Sep 13, 2026· 39m 41s· 2 players
Game mode
Random Map
Map size
Tiny (2 player)
Population
200
Speed
Normal
Resources
Standard
Victory
Conquest
Starting age
Dark Age
Ending age
Imperial Age
RankedLock teamsTeams togetherTeam positionsShared explorationLock speedFull tech treeHidden civsTurbo modeCheats
Victory
Defeat
🇨🇱 Turks · Chile
744
+17
🇺🇸 Portuguese · United States
766
-22
anibaltobar
3:19 Loom
3:29 Loom
11:45 Feudal Age
15:47 Castle Age
14:43 Stone Mining
14:56 Double-Bit Axe
15:21 Horse Collar
17:29 Wheelbarrow
19:55 Bow Saw
21:36 Gold Mining
23:32 Heavy Plow
30:59 Imperial Age
29:27 Padded Archer Armor
29:17 Fletching
29:59 Scale Barding Armor
30:56 Hand Cart
30:27 Town Watch
30:59 Forging
33:36 Conscription
35:10 Artillery
37:12 Hoardings
37:36 Bloodlines
39:26 Two-Man Saw
39:18 Husbandry
40:10 Leather Archer Armor
Yomajesty
6:08 Loom
11:19 Feudal Age
12:37 Wheelbarrow
12:22 Town Watch
13:37 Double-Bit Axe
13:36 Horse Collar
15:39 Fletching
16:15 Gold Mining
16:29 Padded Archer Armor
17:04 Stone Mining
26:58 Castle Age
27:29 Arson
27:50 Scale Mail Armor
27:49 Bodkin Arrow
27:24 Elite Skirmisher
28:12 Thumb Ring
28:25 Leather Archer Armor
28:23 Bow Saw
28:15 Heavy Plow
28:33 Hand Cart
29:19 Forging
29:09 Scale Mail Armor
29:46 Town Patrol
30:18 Circumnavigation
34:24 Imperial Age
32:36 Ballistics
32:27 Masonry
32:36 Fortified Wall
33:35 Light Cavalry
34:26 Bloodlines
34:17 Husbandry
35:00 Iron Casting
34:33 Scale Barding Armor
36:35 Two-Man Saw
39:26 Crop Rotation
Connection lost

Rejoining the realm…

Still unreachable

The connection could not be restored.

Session expired

The server has moved on; the page needs a fresh start.